 Dungeon Crawl Stone Soup version 0.29.1-2-gbd0b4ee654 (webtiles) character file.

Game seed: 12314666145601406818

46663 DemonSlayer the Thaumaturge (level 14, -22/98 HPs)
             Began as a Demonspawn Fire Elementalist on Nov 4, 2022.
             Was the Champion of Cheibriados.
             Annihilated by an acid blob (38 damage)
             ... on level 5 of the Lair of Beasts.
             The game lasted 00:57:52 (26311 turns).

DemonSlayer the Thaumaturge (DsFE)                 Turns: 26311, Time: 00:57:53

Health: -22/98     AC:  3    Str: 24    XL:     14   Next: 5%
Magic:  20/32      EV: 33    Int: 37    God:    Cheibriados [******]
Gold:   365        SH:  0    Dex: 28    Spells: 10/41 levels left

rFire   + . .      SeeInvis .   B - +5 war axe (freeze)
rCold   . . .      Faith    .   (no shield)
rNeg    . . .      Spirit   .   k - +0 steam dragon scales
rPois   .          Reflect  .   h - +2 hat
rElec   .          Harm     .   a - +0 cloak
rCorr   .          Rampage  .   n - +1 pair of gloves
Will    +....                   H - +2 pair of boots
Stlth   +++.......              w - amulet of the acrobat
HPRegen 0.26/turn               v - ring of protection from fire
MPRegen 0.23/turn               C - ring of wizardry

@: about to teleport, corroded, acrobatic, very slow
A: rugged brown scales 1, foul stench 2, powered by death 2, demonic touch 2
a: Renounce Religion, Bend Time, Temporal Distortion, Slouch, Step From Time


You were on level 5 of the Lair of Beasts.
You worshipped Cheibriados.
Cheibriados was exalted by your worship.
You visited 4 branches of the dungeon, and saw 17 of its levels.
You also visited: Ossuary.

You collected 1018 gold pieces.
You spent 653 gold pieces at shops.

Inventory:

Hand Weapons
 B - a +5 war axe of freezing (weapon)
Missiles
 i - 3 curare-tipped darts
Armour
 a - a +0 cloak (worn)
 h - a +2 hat (worn)
 k - +0 steam dragon scales (worn)
 n - a +1 pair of gloves (worn)
 H - a +2 pair of boots (worn)
Jewellery
 v - a ring of protection from fire (left hand)
 w - an amulet of the acrobat (around neck)
 C - a ring of wizardry (right hand)
 M - an amulet of guardian spirit
Wands
 b - a wand of flame (17)
 u - a wand of quicksilver (3)
 x - a wand of digging (5)
 I - a wand of charming (3)
Scrolls
 e - 5 scrolls of poison
 f - 10 scrolls of teleportation
 l - 4 scrolls of fear
 m - 5 scrolls of identify
 o - 2 scrolls of silence
 t - a scroll of brand weapon
 G - 6 scrolls of amnesia
 J - a scroll of immolation
Potions
 c - 3 potions of heal wounds
 d - 17 potions of curing
 g - 4 potions of lignification
 j - 2 potions of mutation
 p - 3 potions of cancellation
 q - 3 potions of flight
 r - 2 potions of magic
 s - 4 potions of brilliance
 z - 3 potions of attraction
 D - a potion of ambrosia
Miscellaneous
 A - a phial of floods
 E - a phantom mirror


   Skills:
 + Level 4.4 Fighting
 + Level 1.0 Short Blades
 + Level 5.3 Axes
 + Level 1.4 Throwing
 + Level 3.3 Armour
 + Level 6.6 Dodging
 + Level 4.2 Stealth
 + Level 14.4 Spellcasting
 + Level 4.0 Conjurations
 + Level 1.4 Hexes
 + Level 2.0 Summonings
 + Level 13.4 Fire Magic
 + Level 1.0 Poison Magic
 + Level 0.2 Invocations
 + Level 1.1 Evocations


You had 10 spell levels left.
You knew the following spells:

 Your Spells              Type           Power      Damage    Failure   Level
a - Foxfire               Conj/Fire      100%       2x1d9     1%          1
b - Scorch                Fire           100%       2d10      0%          2
c - Conjure Flame         Conj/Fire      74%        6-21      1%          3
d - Summon Guardian Gole  Hex/Summ       39%        N/A       1%          3
e - Flame Wave            Conj/Fire      74%        2d16      1%          4
f - Olgreb's Toxic Radia  Pois           34%        N/A       3%          4
g - Orb of Destruction    Conj           27%        9d9       63%         7
h - Spellforged Servitor  Conj/Summ      24%        N/A       77%         7

Your spell library contained the following spells:

 Spells                   Type           Power      Damage    Failure   Level
 Beastly Appendage        Tmut           52%        N/A       1%          1
 Sting                    Tmut/Pois      100%       1d8       1%          1
 Poisonous Vapours        Pois/Air       60%        N/A       1%          2
 Wereblood                Tmut           26%        N/A       1%          2
 Inner Flame              Hex/Fire       69%        N/A       1%          3
 Spider Form              Tmut/Pois      30%        N/A       1%          3
 Conjure Ball Lightning   Conj/Air       20%        3x3d6     34%         6
 Discord                  Hex            18%        N/A       100%        8
 Disjunction              Tloc           13%        N/A       100%        8


Dungeon Overview and Level Annotations

Branches:
Dungeon (10/15)            Temple (1/1) D:7            Lair (5/5) D:8
  Swamp (0/4) Lair:2        Snake (0/4) Lair:2        Slime (0/5) Lair:5
    Orc (1/2) D:10        Ossuary (visited)

Altars:
Ashenzari
Cheibriados
Dithmenos
Fedhas
Gozag
Hepliaklqana
Kikubaaqudgha
Makhleb
Nemelex Xobeh
Okawaru
Qazlal
Ru
Sif Muna
Trog
Uskayaw
Vehumet
Wu Jian
Xom
Yredelemnul
Jiyva

Shops:
D:1 =(*!

Annotations:
D:4 exclusion: statue
D:8 1 transporter
Lair:5 Explode1's ghost, journeyman MiBe


Innate Abilities, Weirdness & Mutations

You are partially covered in rugged brown scales. (AC +1, +3% HP)
You sometimes emit foul miasma when damaged in melee.
You regenerate health from kills.
Your touch may inflict irresistible damage on your foes.


Message History

Flames lash the acid blob.
The acid blob is burned terribly!
The acid blob is moderately wounded.
The acid blob hits your guardian golem but does no damage.
Flames lash the acid blob.
The acid blob is burned terribly!
The acid blob is moderately wounded.
The acid blob hits your guardian golem!!
Your guardian golem is splashed with acid.
The acid corrodes your guardian golem!
Flames lash the acid blob.
The acid blob is burned terribly!
The acid blob is heavily wounded.
The acid blob spits acid at you.
The splash of acid hits your guardian golem!!
Your guardian golem seems to be corroded for longer.
Your guardian golem is destroyed!
Your guardian golem disappears in a puff of smoke!
Flames lash the acid blob.
The acid blob is burned terribly!
The acid blob is severely wounded.
The acid blob hits you but does no damage.
Flames lash the slime creature.
The slime creature is moderately wounded.
The slime creature's fire resistance burns away.
The acid blob hits you!! The acid corrodes you!
You are splashed with acid!
You are too injured to fight recklessly!
You hit the acid blob. You freeze the acid blob.
Your hands burn!
The acid blob is severely wounded.
The acid blob spits acid at you. The splash of acid hits you!
The acid corrodes you! The slime creature closely misses you.
You feel much better. The acid blob misses you. The slime creature hits you!
The acid blob spits acid at you. The splash of acid hits you!
The acid corrodes you!
As you read the scroll of teleportation, it crumbles to dust.
You feel strangely unstable. The acid blob spits acid at you.
The splash of acid hits you!
* * * LOW HITPOINT WARNING * * *
The slime creature hits you!
* * * LOW HITPOINT WARNING * * *
The acid blob hits you!!!
You die...

....♣♣♣....##.##.......####
...♣♣.....######..........######
.........## ###............#.#.##
.........# #...................#
...♣.....# ##...........#......#
.♣.♣♣...## ###...........###.....
.♣♣♣♣...# #..........######...#.
..♣♣.♣### ##.........# ##......#
....♣♣########..@..#.####.....#.#
.......##..###.JJ#######........#
.........#.#..#..#...##........##
..............#..'_.>##........##
.............P...#...#..........#
........###...P.######........<.#
....#..## ###..## #...........#
....#### #### ##............
....# #.............


You could see an acid blob (combustible) and a slime creature (combustible).

Vanquished Creatures
  7 hydras
  Erolcha (D:9)
  4 catoblepae
  A two-headed ogre (D:10)
  2 death yaks (Lair:5)
  An orc knight (Orc:1)
  A black mamba (Lair:3)
  3 elephants
  2 torpor snails
  A rime drake (Lair:4)
  4 cane toads
  3 komodo dragons
  2 ice devils (Lair:1)
  2 trolls (D:10)
  8 polar bears
  24 blink frogs
  5 hornets
  Grinder (D:6)
  12 dream sheep
  10 spriggans (Lair:5)
  Grum (D:9)
  32 yaks
  3 wyverns
  3 basilisks
  A steam dragon (D:8)
  3 swamp worms (Lair:2)
  2 nagas (Lair:2)
  2 wargs (Orc:1)
  6 water moccasins
  6 black bears
  An ice beast (D:6)
  3 orc warriors
  5 boggarts (Lair:5)
  31 wolves
  2 ogres
  3 centaurs
  2 kobold brigands
  Blork the orc (D:6)
  A gnoll sergeant (D:7)
  8 bullfrogs
  7 scorpions
  20 wights
  Dowan (D:5)
  37 killer bees
  2 electric eels (Lair:2)
  4 howler monkeys
  A centaur zombie (Ossuary)
  2 hounds
  A human zombie (Ossuary)
  A jelly (D:6)
  An orc priest (D:9)
  Crazy Yiuf (D:5)
  8 iguanas
  3 orc wizards
  7 hell rats (Lair:5)
  3 scorpion zombies (Ossuary)
  3 mummies (Ossuary)
  7 gnolls
  8 adders
  2 ufetubi
  3 worms
  5 dart slugs
  17 orcs
  7 ball pythons
  3 bats
  4 endoplasms
  5 giant cockroaches
  8 goblins
  6 hobgoblins
  17 kobolds
  6 quokkas
  4 frilled lizards
  2 gnoll zombies (Ossuary)
  A goblin zombie (Ossuary)
  5 hobgoblin zombies (Ossuary)
  A kobold zombie (Ossuary)
  An orc zombie (Ossuary)
  8 rats
432 creatures vanquished.

Vanquished Creatures (collateral kills)
  3 death yaks (Lair:5)
3 creatures vanquished.

Vanquished Creatures (others)
  A two-headed ogre (D:10)
  2 death yaks (Lair:5)
  An elephant (Lair:4)
  5 yaks (D:10)
  A steam dragon (D:9)
  Duvessa (D:5)
  An ogre (Orc:1)
  2 wights (D:10)
  An orc wizard (Orc:1)
  An orc (Orc:1)
  2 bushes (Lair:5)
  246 foxfires
  27 fungi
  76 plants
367 creatures vanquished.

Grand Total: 802 creatures vanquished

Notes
Turn   | Place    | Note
-------+----------+-------------------------------------------
     0 | D:1      | DemonSlayer the Demonspawn Fire Elementalist began the
                  | quest for the Orb.
     0 | D:1      | Reached XP level 1. HP: 13/13 MP: 3/3
    12 | D:1      | Found Iskuzidie's Assorted Antiques.
    33 | D:1      | Found Lokh's Distillery.
    68 | D:1      | Found a faded altar of an unknown god.
    72 | D:1      | Noticed a great orb of eyes
    79 | D:1      | Noticed a great orb of eyes
    84 | D:1      | Noticed a shining eye
    90 | D:1      | Noticed a golden eye
   108 | D:1      | Found Igeecw's Jewellery Shop.
   595 | D:1      | Found Kor Waob's Weapon Shoppe.
   598 | D:1      | Gained mutation: You regenerate a little health from kills.
                  | [demonic ancestry]
   598 | D:1      | Reached XP level 2. HP: 19/19 MP: 5/5
   601 | D:1      | Learned a level 2 spell: Scorch
  1030 | D:2      | Reached XP level 3. HP: 10/24 MP: 6/6
  2067 | D:2      | Learned a level 3 spell: Conjure Flame
  2174 | D:1      | Bought a scroll labelled FEODANIE KIZEV for 22 gold pieces
  2174 | D:1      | Bought a green potion for 19 gold pieces
  2174 | D:1      | Bought an orange potion for 19 gold pieces
  2174 | D:1      | Bought an emerald potion for 19 gold pieces
  2252 | D:3      | Reached XP level 4. HP: 31/31 MP: 1/7
  3338 | D:4      | Found an opulent altar of Gozag.
  3955 | D:4      | Found a hazy altar of Hepliaklqana.
  4106 | D:4      | Noticed a black bear
  4112 | D:4      | Killed a black bear
  4113 | D:4      | Reached skill level 1 in Short Blades
  4113 | D:4      | Reached skill level 3 in Spellcasting
  4113 | D:4      | Gained mutation: You may rarely emit foul miasma when
                  | damaged in melee. [demonic ancestry]
  4113 | D:4      | Reached XP level 5. HP: 27/36 MP: 1/9
  4287 | D:4      | Gained mutation: You are partially covered in rugged brown
                  | scales. (AC +1, +3% HP) [demonic ancestry]
  4287 | D:4      | Reached XP level 6. HP: 36/43 MP: 1/10
  4494 | D:4      | Found a radiant altar of Vehumet.
  4748 | D:4      | Reached skill level 1 in Fighting
  4986 | D:4      | Learned a level 3 spell: Summon Guardian Golem
  5007 | D:5      | Entered Level 5 of the Dungeon
  5049 | D:5      | Found a sand-covered staircase.
  5053 | Ossuary  | Entered an ossuary
  5206 | Ossuary  | Reached skill level 4 in Spellcasting
  5372 | Ossuary  | Reached skill level 1 in Axes
  5372 | Ossuary  | Reached XP level 7. HP: 49/49 MP: 8/13
  6054 | Ossuary  | Reached skill level 5 in Fire Magic
  6227 | Ossuary  | Learned a level 4 spell: Flame Wave
  6617 | D:5      | Reached skill level 5 in Spellcasting
  6617 | D:5      | Reached XP level 8. HP: 55/55 MP: 8/15
  6802 | D:5      | Noticed Dowan
  6820 | D:5      | Killed Dowan
  6904 | D:5      | Noticed Duvessa
  6915 | D:5      | Killed Duvessa
  7496 | D:5      | Found an iron altar of Okawaru.
  7504 | D:5      | Found a blossoming altar of Fedhas.
  7507 | D:5      | Found a sacrificial altar of Ru.
  7512 | D:5      | Found a basalt altar of Yredelemnul.
  7518 | D:5      | Found a stormy altar of Qazlal.
  7619 | D:5      | Found a runed translucent door.
  7620 | D:5      | Noticed Crazy Yiuf
  7625 | D:5      | Killed Crazy Yiuf
  7988 | D:6      | Reached skill level 6 in Spellcasting
  8109 | D:6      | Noticed Blork the orc
  8113 | D:6      | Killed Blork the orc
  8237 | D:6      | Reached skill level 1 in Armour
  8454 | D:6      | Noticed Grinder
  8459 | D:6      | Killed Grinder
  8460 | D:6      | Reached skill level 7 in Spellcasting
  8460 | D:6      | Gained mutation: You regenerate health from kills. [demonic
                  | ancestry]
  8460 | D:6      | Reached XP level 9. HP: 61/61 MP: 10/19
  9302 | D:7      | Found a staircase to the Ecumenical Temple.
  9310 | Temple   | Entered the Ecumenical Temple
  9348 | Temple   | Became a worshipper of Cheibriados the Contemplative
  9507 | D:7      | Found an ancient bone altar of Kikubaaqudgha.
  9857 | D:7      | Found a hide-covered altar of Uskayaw.
 10934 | D:8      | Found a transporter.
 10939 | D:8      | Noticed an ogre mage
 10940 | D:8      | Noticed a troll
 11077 | D:8      | Found a staircase to the Lair.
 11459 | D:8      | Found a sparkling altar of Nemelex Xobeh.
 11706 | Lair:1   | Entered Level 1 of the Lair of Beasts
 11710 | Lair:1   | Reached skill level 8 in Spellcasting
 11713 | Lair:1   | Reached * piety under Cheibriados
 12232 | Lair:1   | Noticed a six-headed hydra
 12242 | D:8      | Gained mutation: Your touch may inflict minor irresistible
                  | damage on your foes. [demonic ancestry]
 12242 | D:8      | Reached XP level 10. HP: 44/69 MP: 14/22
 12506 | D:9      | Noticed Erolcha
 12516 | D:9      | Killed Erolcha
 12919 | D:9      | Found a shadowy altar of Dithmenos.
 13210 | D:9      | Reached skill level 9 in Spellcasting
 13291 | D:9      | Reached ** piety under Cheibriados
 13600 | D:9      | Noticed Grum
 13621 | D:9      | Killed Grum
 14185 | D:10     | Entered Level 10 of the Dungeon
 14717 | D:10     | Identified the +1 ring mail of Juudenoh {Rampage rPois}
 14795 | D:10     | Noticed a two-headed ogre
 14805 | D:10     | Killed a two-headed ogre
 14806 | D:10     | Reached skill level 10 in Spellcasting
 14813 | D:10     | Reached XP level 11. HP: 30/76 MP: 11/25
 14836 | D:10     | Reached *** piety under Cheibriados
 14966 | D:10     | Noticed a two-headed ogre
 14974 | D:10     | Killed a two-headed ogre
 15083 | D:10     | Found a staircase to the Orcish Mines.
 15565 | Orc:1    | Entered Level 1 of the Orcish Mines
 15565 | Orc:1    | Noticed an orc knight
 16060 | Lair:1   | Killed a six-headed hydra
 16261 | Lair:1   | Reached skill level 1 in Summonings
 16482 | Lair:1   | Reached skill level 10 in Fire Magic
 16603 | Lair:1   | Reached **** piety under Cheibriados
 16624 | Lair:1   | Reached skill level 11 in Spellcasting
 16862 | Lair:1   | Noticed a four-headed hydra
 16868 | Lair:1   | Killed a four-headed hydra
 16877 | Lair:1   | Reached ***** piety under Cheibriados
 17919 | Orc:1    | Noticed an orc warlord
 17920 | Orc:1    | Gained mutation: Your touch may inflict irresistible damage
                  | on your foes. [demonic ancestry]
 17920 | Orc:1    | Reached XP level 12. HP: 81/83 MP: 10/27
 17920 | Orc:1    | Noticed an orc warlord
 18273 | D:1      | Bought a potion of mutation for 112 gold pieces
 18273 | D:1      | Bought a potion of curing for 42 gold pieces
 18273 | D:1      | Bought a potion of magic for 112 gold pieces
 18273 | D:1      | Bought a potion of heal wounds for 70 gold pieces
 18273 | D:1      | Bought a potion of magic for 112 gold pieces
 18273 | D:1      | Bought a potion of curing for 42 gold pieces
 18273 | D:1      | Bought a potion of curing for 42 gold pieces
 18273 | D:1      | Bought a potion of curing for 42 gold pieces
 18610 | Lair:2   | Noticed a seven-headed hydra
 18618 | Lair:2   | Killed a seven-headed hydra
 18779 | Lair:2   | Reached skill level 12 in Spellcasting
 18789 | Lair:2   | Reached skill level 1 in Hexes
 18950 | Lair:2   | Found a staircase to the Snake Pit.
 18983 | Lair:2   | Noticed a catoblepas
 19022 | Lair:2   | Killed a catoblepas
 19023 | Lair:2   | Reached skill level 5 in Dodging
 19495 | Lair:2   | Found a staircase to the Swamp.
 19714 | Lair:2   | Learned a level 4 spell: Olgreb's Toxic Radiance
 20534 | Lair:3   | Noticed a five-headed hydra
 20539 | Lair:3   | Killed a five-headed hydra
 21108 | Lair:3   | Reached ****** piety under Cheibriados
 21574 | Lair:3   | Learned a level 7 spell: Orb of Destruction
 21904 | Lair:4   | Reached skill level 13 in Spellcasting
 22059 | Lair:4   | Reached XP level 13. HP: 90/90 MP: 18/30
 22841 | Lair:4   | Learned a level 7 spell: Spellforged Servitor
 22881 | Lair:5   | Entered Level 5 of the Lair of Beasts
 22944 | Lair:5   | Reached skill level 1 in Throwing
 23009 | Lair:5   | Reached skill level 1 in Poison Magic
 23597 | Lair:5   | Found a runed translucent door.
 23597 | Lair:5   | Noticed Explode1's ghost (journeyman MiBe)
 23657 | Lair:5   | Reached skill level 14 in Spellcasting
 24355 | Lair:5   | Found a runed translucent door.
 24355 | Lair:5   | Found a viscous altar of Jiyva.
 24355 | Lair:5   | Found a staircase to the Slime Pits.
 24355 | Lair:5   | Noticed an acid blob
 25255 | Lair:5   | Reached skill level 5 in Axes
 25256 | Lair:5   | Reached skill level 1 in Evocations
 25257 | Lair:5   | Gained mutation: You sometimes emit foul miasma when
                  | damaged in melee. [demonic ancestry]
 25257 | Lair:5   | Reached XP level 14. HP: 85/98 MP: 28/32
 26311 | Lair:5   | Annihilated by an acid blob

Illustrated notes

Levels and vault maps discovered:
D:1:      dpeg_arrival_tiny_j, layout_loops_ring, serial_shops,
          nicolae_shop_statue_plus, shop, shop, nicolae_diamond_shop,
          hellmonk_ecumenical_altar_watching_god
D:2:      layout_basic, minmay_tetromino_i4
D:3:      layout_loops_ring, nicolae_tso_carved_into_rock, grunt_ministairs_5
D:4:      layout_loops_corners, grunt_gozag_statues, vehumet_statue,
          nzn_hepliaklqana_mist_gate
D:5:      layout_cave_pools, nicolae_overflow_hallway_of_the_gods,
          enter_ossuary_5, uniq_crazy_yiuf_cottage, uniq_duvessa
D:6:      layout_basic, minivault_11, uniq_blork_the_orc, uniq_grinder
D:7:      layout_basic, general_overflow_altar, mainiacjoe_overflow_chevrons,
          minmay_temple_entry_arrows
D:8:      gammafunk_beogh_shrine, layout_cave_pools,
          mainiacjoe_overflow_24_doors, nemelex_spade_bored_becter
D:9:      layout_stronghold, grunt_dithmenos_smoke, uniq_erolcha, uniq_grum
D:10:     layout_stronghold, orc_0_dummy
Temple:   hellmonk_temple_two_chambers
Lair:1:   wad_woods_minihive, layout_regular_city, portal_ice_cave_demonic_guard
Lair:2:   layout_regular_city, minmay_swamp_entry_worms,
          guppyfry_snake_entry_garden, st_stairs_6, serial_bayou_lake_a
Lair:3:   layout_layer_cave, eino_small_chamber_without_monster
Lair:4:   layout_hall_layers
Lair:5:   minmay_lair_end_enchanted_forest, layout_cave_pods, slime_entry_2,
          gammafunk_ghost_grave, nicolae_lair_yak_garden
Orc:1:    layout_caves

Skill      XL: |  1  2  3  4  5  6  7  8  9 10 11 12 13 |
---------------+----------------------------------------+-----
Stealth        | 2 3 4 |  4.2
Fire Magic     | 3 4 5 6 7 9 11 12 13 | 13.4
Dodging        | 2 3 4 5 6 |  6.6
Short Blades   | 1 |  1.0
Spellcasting   | 3 4 5 7 8 10 11 13 14 | 14.4
Fighting       | 1 2 3 4 |  4.4
Axes           | 1 2 3 5 |  5.3
Conjurations   | 2 3 4 |  4.0
Armour         | 1 2 3 |  3.3
Summonings     | 1 2 |  2.0
Hexes          | 1 |  1.4
Throwing       | 1 |  1.4
Poison Magic   | 1 |  1.0
Evocations     | 1 |  1.1
Invocations    | |  0.2

Action                   |  1- 3 |  4- 6 |  7- 9 | 10-12 | 13-15 || total
-------------------------+-------+-------+-------+-------+-------++-------
Melee: Dagger            |    32 |    35 |       |       |       ||    67
       Hand axe          |       |    48 |    81 |    43 |       ||   172
       Punch             |       |       |     1 |     1 |       ||     2
       Touch             |       |       |       |    20 |    18 ||    38
       War axe           |       |       |       |    38 |    77 ||   115
Throw: Throwing net      |       |       |       |     3 |       ||     3
       Dart              |       |       |       |     7 |     9 ||    16
 Cast: Foxfire           |    40 |    53 |    13 |    31 |     4 ||   141
       Scorch            |       |    34 |   159 |   298 |   134 ||   625
       Summon Guardian G |       |       |     1 |    10 |     2 ||    13
       Flame Wave        |       |       |     3 |    19 |    12 ||    34
       Olgreb's Toxic Ra |       |       |       |     2 |     3 ||     5
Invok: Bend Time         |       |       |       |       |     1 ||     1
Evoke: Wand              |       |       |       |    12 |     8 ||    20
  Use: Potion            |     1 |     4 |     1 |     4 |     8 ||    18
       Scroll            |       |     6 |    16 |     8 |     8 ||    38
 Stab: Sleeping          |     8 |     9 |       |     1 |     2 ||    20
Armor: Robe              |    14 |    28 |    41 |       |       ||    83
       Skin              |       |     3 |       |       |       ||     3
       Leather armour    |       |       |    32 |     3 |       ||    35
       Steam dragon scal |       |       |       |   155 |    87 ||   242
Dodge: Dodged            |    21 |    71 |   130 |   325 |   242 ||   789
